 Dungeon Crawl Stone Soup version 0.31-a0-152-g6aa68a64a1 (webtiles) character file.

Game seed: 9437780036001381742

273 Kenran the Slasher (level 6, -1/47 HPs)
             Began as a Human Berserker on June 9, 2023.
             Was a Believer of Trog.
             Slain by a giant cockroach (2 damage)
             ... on level 3 of the Dungeon.
             The game lasted 00:02:33 (2256 turns).

Kenran the Slasher (Human Berserker)                Turns: 2256, Time: 00:02:33

Health: -1/47      AC:  9    Str: 17    XL:     6   Next: 48%
Magic:  6/6        EV: 11    Int:  8    God:    Trog [**....]
Gold:   107        SH:  0    Dex: 14    Spells: 5/5 levels left

rFire   . . .        a - +0 falchion
rCold   . . .        (no shield)
rNeg    . . .        f - +0 ring mail
rPois   .            o - +2 helmet
rElec   .            e - +0 cloak
rCorr   .            (no gloves)
SInv    .            (no boots)
Will    .....        (no amulet)
Stlth   +            (no ring)
HPRegen 0.27/turn    (no ring)
MPRegen 0.10/turn

%: no passive effects
@: no status effects
A: no striking features
a: Renounce Religion, Berserk, Trog's Hand


You were on level 3 of the Dungeon.
You worshipped Trog.
Trog was pleased with you.
You visited 1 branch of the dungeon, and saw 3 of its levels.

You collected 107 gold pieces.

Inventory:

Hand Weapons
 a - a +0 falchion (weapon)
Armour
 e - a +0 cloak (worn)
 f - a +0 ring mail (worn)
 o - a +2 helmet (worn)
Wands
 n - a wand of flame (25)
Scrolls
 d - a scroll of teleportation {unknown}
 g - a scroll of identify {unknown}
 h - a scroll of amnesia {unknown}
 i - a scroll of silence {unknown}
 j - a scroll of immolation {unknown}
 k - a scroll of brand weapon {unknown}
Potions
 b - a potion of invisibility {unknown}
 c - 2 potions of attraction {unknown}
 l - a potion of enlightenment {unknown}
 m - 3 potions of curing {unknown}


   Skills:
 - Level 3.0 Fighting
 + Level 6.8 Long Blades
 - Level 2.0 Armour
 - Level 2.0 Dodging


You had 5 spell levels left.
You didn't know any spells.
Your spell library was empty.

Dungeon Overview and Level Annotations

Branches:
Dungeon (3/15)

Altars:

Annotations:
D:3 Grinder


Message History

You resist with significant effort.
You hit Grinder. You punch Grinder, but do no damage.
Grinder is almost dead.
The giant cockroach bites you but does no damage.
Grinder misses you.
You closely miss Grinder.
Grinder is almost dead.
The giant cockroach bites you. Grinder hits you but does no damage.
You hit Grinder.
Grinder is almost dead.
The giant cockroach barely misses you. Grinder gestures at you.
You suddenly lose the ability to move!
The giant cockroach bites you but does no damage.
The giant cockroach bites you but does no damage.
Grinder hits you!
You writhe in agony.
* * * LOW HITPOINT WARNING * * *
The giant cockroach bites you but does no damage.
Grinder hits you.
* * * LOW HITPOINT WARNING * * *
You writhe in agony.
* * * LOW HITPOINT WARNING * * *
The giant cockroach bites you but does no damage.
Grinder hits you but does no damage.
The giant cockroach bites you but does no damage.
Grinder grins, showing sharp teeth.
Grinder hits you but does no damage.
You can move again.
Unknown command.
Unknown command.
Unknown command.
You closely miss Grinder.
Grinder is almost dead.
The giant cockroach bites you but does no damage.
Grinder hits you.
* * * LOW HITPOINT WARNING * * *
You writhe in agony.
* * * LOW HITPOINT WARNING * * *
The giant cockroach bites you.
You die...

########.#....#....######
..............+.....)>..#
#######.##....######....#
#..+....# ....# #.##....#
....# #.##....# ....#
#.####### ....# #....#
....# #B@5.# #...#
#.........# #...#.....+
#.. #.....# #. ##.#### +
... ###


You could see Grinder and a giant cockroach.

Vanquished Creatures
  Sigmund (D:3)
  Natasha (twice) (D:2)
  Robin (D:2)
  2 adders (D:2)
  A worm (D:2)
  A dart slug (D:2)
  2 endoplasms (D:2)
  7 goblins
  9 hobgoblins
  2 kobolds
  2 quokkas
  A ball python (D:1)
  3 bats
  A rat (D:1)
35 creatures vanquished.

Notes
Turn   | Place    | Note
-------+----------+-------------------------------------------
     0 | D:1      | Kenran the Human Berserker began the quest for the Orb.
     0 | D:1      | Reached XP level 1. HP: 18/18 MP: 1/1
   297 | D:1      | Reached XP level 2. HP: 24/24 MP: 2/2
   895 | D:2      | Noticed Natasha
   904 | D:2      | Killed Natasha
   905 | D:2      | Reached skill level 4 in Long Blades
   905 | D:2      | Reached XP level 3. HP: 29/29 MP: 3/3
  1148 | D:2      | Noticed a shining eye
  1151 | D:2      | Reached XP level 4. HP: 35/35 MP: 4/4
  1152 | D:2      | Found a faded altar of an unknown god.
  1154 | D:2      | Noticed a golden eye
  1154 | D:2      | Noticed a golden eye
  1154 | D:2      | Noticed a golden eye
  1237 | D:2      | Noticed Natasha
  1247 | D:2      | Killed Natasha
  1248 | D:2      | Reached skill level 5 in Long Blades
  1391 | D:2      | Noticed Robin
  1406 | D:2      | Killed Robin
  1410 | D:2      | Reached ** piety under Trog
  1610 | D:2      | Reached XP level 5. HP: 41/41 MP: 5/5
  2081 | D:3      | Noticed Sigmund
  2094 | D:3      | Killed Sigmund
  2095 | D:3      | Reached skill level 6 in Long Blades
  2095 | D:3      | Reached XP level 6. HP: 30/47 MP: 6/6
  2229 | D:3      | Noticed Grinder
  2237 | D:3      | Paralysed by Grinder for 2 turns
  2246 | D:3      | Paralysed by Grinder for 2 turns
  2251 | D:3      | Paralysed by Grinder for 5 turns
  2256 | D:3      | HP: 1/47 [Grinder (4)]
  2256 | D:3      | Slain by a giant cockroach

Illustrated notes

Levels and vault maps discovered:
D:1:      dpeg_arrival_circle_labyrinth_c, layout_basic
D:2:      layout_loops_corners, hellmonk_ecumenical_altar_watching_god,
          uniq_robin, uniq_natasha
D:3:      layout_basic, mainiacjoe_overflow_alcove_2, uniq_grinder, uniq_sigmund

Skill      XL: |  1  2  3  4  5 |
---------------+----------------+-----
Long Blades    | 4 5 6 |  6.8
Fighting       | |  3.0
Armour         | |  2.0
Dodging        | |  2.0

Action                     |  1- 3 |  4- 6 || total
---------------------------+-------+-------++-------
  Melee: Falchion          |    53 |   102 ||   155
         Punch             |       |     1 ||     1
 Invoke: Berserk           |     1 |     2 ||     3
 Armour: Animal skin       |     7 |       ||     7
         Ring mail         |     5 |    40 ||    45
  Dodge: Dodged            |    35 |    51 ||    86

Table legend: (Time is in decaauts)
 A = Elapsed time spent in this place.
 B = Non-inter-level travel time spent in this place.
 C = Inter-level travel time spent in this place.
 D = Time resting spent in this place.
 E = Time spent auto-exploring this place.
 F = Levels seen in this place.
 G = Mean time per level.
                   A        B        C        D        E       F      G
               +--------+--------+--------+--------+--------+-----+--------+
         Total |   2291 |   2173 |    118 |    343 |   1399 |   3 |  763.7 |
       Dungeon |   2291 |   2173 |    118 |    343 |   1399 |   3 |  763.7 |
               +--------+--------+--------+--------+--------+-----+--------+

Top non-repeatable levels by time:
     D:2: 1156 daAuts
     D:1: 890 daAuts
     D:3: 244 daAuts
